Workbook
Name 運搬費: #REF!
Name 演劇: #REF!
Name 演劇_音楽費: #REF!
Name 演劇_作品内容: #REF!
Name 演劇_文芸費: #REF!
Name 応募分野: [1]【非表示】分野・ジャンル!$A$1:$E$1
Name 応募分野: [1]【非表示】分野・ジャンル!$A$1:$E$1
Name 応募分野: [2]【非表示】分野・ジャンル!$A$1:$E$1
Name 応募分野: [1]【非表示】分野・ジャンル!$A$1:$E$1
Name 応募分野: #REF!
Name 音楽: #REF!
Name 音楽_音楽費: #REF!
Name 音楽_作品内容: #REF!
Name 音楽_文芸費: #REF!
Name 音楽費: #REF!
Name 音楽費: [3]【非表示】経費一覧!$C$5:$C$15
Name 音楽費: [4]【非表示】経費一覧!$C$4:$C$15
Name 音楽費: [5]【非表示】経費一覧!$C$4:$C$11
Name 会場費: #REF!
Name 会場費: [3]【非表示】経費一覧!$C$42:$C$43
Name 会場費: [1]【非表示】経費一覧!$C$183:$C$184
Name 会場費: [1]【非表示】経費一覧!$C$183:$C$184
Name 会場費: [4]【非表示】経費一覧!$C$55:$C$56
Name 会場費: #REF!
Name 活動区分: [6]《非表示》分野・ジャンル!$A$1:$D$1
Name 活動区分: [7]総表!$N$1:$R$1
Name 感染症対策経費: [1]【非表示】経費一覧!$C$211:$C$215
Name 感染症対策経費: [1]【非表示】経費一覧!$C$211:$C$215
Name 感染症対策経費: [1]【非表示】経費一覧!$C$211:$C$215
Name 感染症対策経費: [1]【非表示】経費一覧!$C$211:$C$215
Name 感染症対策経費: [4]【非表示】経費一覧!$C$78:$C$82
Name 感染症対策経費: #REF!
Name 稽古費: #REF!
Name 稽古費: [3]【非表示】経費一覧!$C$2:$C$3
Name 稽古費: [1]【非表示】経費一覧!$C$2:$C$3
Name 稽古費: [1]【非表示】経費一覧!$C$2:$C$3
Name 稽古費: [4]【非表示】経費一覧!$C$2:$C$3
Name 稽古費: #REF!
Name 現代舞台芸術創造普及活動・演劇_音楽費: [6]《非表示》記載可能経費一覧!#REF!
Name 現代舞台芸術創造普及活動・演劇_出演費: [6]《非表示》記載可能経費一覧!#REF!
Name 現代舞台芸術創造普及活動・演劇_舞台費: [6]《非表示》記載可能経費一覧!#REF!
Name 現代舞台芸術創造普及活動・演劇_文芸費: [6]《非表示》記載可能経費一覧!#REF!
Name 現代舞台芸術創造普及活動・音楽_舞台費: [6]《非表示》記載可能経費一覧!$B$50:$B$68
Name 現代舞台芸術創造普及活動・舞踊_音楽費: [6]《非表示》記載可能経費一覧!#REF!
Name 現代舞台芸術創造普及活動・舞踊_出演費: [6]《非表示》記載可能経費一覧!#REF!
Name 現代舞台芸術創造普及活動・舞踊_文芸費: [6]《非表示》記載可能経費一覧!#REF!
Name 大衆芸能: #REF!
Name 伝_音楽費: [8]《非表示》記載可能経費一覧!$B$57:$B$62
Name 伝_出演費: [8]《非表示》記載可能経費一覧!$B$15:$B$16
Name 伝_文芸費: [8]《非表示》記載可能経費一覧!$B$143:$B$169
Name 伝・大_音楽費: #REF!
Name 伝・大_出演費: #REF!
Name 伝・大_文芸費: #REF!
Name 伝大_P61: [6]《非表示》分野・ジャンル!#REF!
Name 伝統芸能: #REF!
Name 伝統芸能・大衆芸能の公開活動_音楽費: [6]《非表示》記載可能経費一覧!#REF!
Name 伝統芸能・大衆芸能の公開活動_出演費: [6]《非表示》記載可能経費一覧!#REF!
Name 伝統芸能・大衆芸能の公開活動_舞台費: [6]《非表示》記載可能経費一覧!#REF!
Name 伝統芸能・大衆芸能の公開活動_文芸費: [6]《非表示》記載可能経費一覧!#REF!
Name 配信費: [3]【非表示】経費一覧!$C$68:$C$70

Sheet 総表
A1: 【総表】
A2: 令和９年度 新たなオーケストラ支援事業
A3: 助成金交付要望書
B6: 独立行政法人日本芸術文化振興会理事長 殿
B7: 下記の活動を行いたいので、芸術文化振興基金助成金交付要綱第３条の規定に基づき、助成金の交付を要望します。
A9: 記
A11: 団体情報 | B11: 団体住所 | C11: 郵便番号 | E11: 都道府県
C12: 市区町村～番地 （建物名含む） | G12: 団体住所・団体名・代表者名は、定款の記載とが一致するようにしてください。
B13: 法人格 | E13: [その他法人] 具体的な法人格を記入→
B14: （フリガナ）
B15: 団体名
B16: 代表者役職名
B17: （フリガナ）
B18: 代表者氏名
B19: ウェブサイトURL | E19: 電話番号
A20: 担当者情報 | B20: 担当部署・所属
B21: （フリガナ）
B22: 氏名
B23: 電話番号
B24: 時間外連絡先
B25: E-mail(書類送付先) | G25: ←採択通知等の書類はこちらのアドレス宛にメール送信されますので、必ず入力ください。
A26: 要望内容 | B26: 助成対象企画
B27: 要望額 （助成対象経費合計（C）及び一般管理費（G）の合計額） | D27: １年目 | E27: =E28+E29 -> 0
D28: 【非表示】助成対象経費合計（C） | E28: =計画・予算!I9 -> 0
D29: 【非表示】一般管理費（G） | E29: =計画・予算!M229 -> 0
D30: ２年目 | E30: =E31+E32 -> 0
D31: 【非表示】助成対象経費合計（C） | E31: =計画・予算!I10 -> 0
D32: 【非表示】一般管理費（G） | E32: =計画・予算!M230 -> 0
D33: ３年目 | E33: =E34+E35 -> 0
D34: 【非表示】助成対象経費合計（C） | E34: =計画・予算!I11 -> 0
D35: 【非表示】一般管理費（G） | E35: =計画・予算!M231 -> 0
D36: 合計額 | E36: =E27+E30+E33 -> 0
F37: （単位：千円）

Sheet 実施体制
A1: 実 施 体 制
A2: 団体名 | C2: =IF(ISBLANK(総表!D15),"",総表!D15)
A3: 団体設立年月 | F3: 法人設立年月 | N3: 法人番号
A4: 組 織 | C4: 役 職 員 | H4: 団体構成員
H11: 〔団体の芸術上の中核となる者〕 | P11: 役職名
C12: 経理担当者 | H12: 略歴
C13: 監査担当者
A14: 主な受賞歴 （団体・個人） | C14: 受賞年度 | D14: 受賞名 | M14: 活動名・活動内容等
A19: 主な活動実績（直近５年程度） | C19: 実施年度 | D19: 活動名・事業名 | M19: 概要
A25: 財務状況（直近３期） （単位：千円） | C25: 決算期 | F25: 総収入（A） （千円） | H25: 総支出（B） （千円） | K25: 収支差（A-B） （千円） | M25: 総収入のうち、当該年度に受けた主な補助金・助成金
M26: 団体に対する補助金・助成金名 | P26: 金額（千円）
K27: =F27-H27 -> 0
K28: =F28-H28 -> 0
K29: =F29-H29 -> 0
A32: 助成対象企画の実施体制（担当者・役割・関連実績）
A33: 助成対象企画 | D33: =IF(ISBLANK(総表!D26),"",総表!D26)
A35: ※ Ａ４判１枚に収まるように作成してください。

Sheet 企画
A1: 企 画 内 容
A2: 団体名 | C2: =IF(ISBLANK(総表!D15),"",総表!D15)
A3: 助成対象企画 | C3: =IF(ISBLANK(総表!D26),"",総表!D26)
A5: （１）助成対象企画内容（新たに挑戦する内容）
L6: セル内で改行される場合は「ALT+ENTER」を押して改行してください。
L7: 印刷時の文字切れにご注意ください。
L8: 印刷、または印刷イメージでセルから文字がはみ出ていないかご確認ください。
A62: ※ Ａ４判１枚に収まるように作成してください。
A63: （２）団体における発展性（本企画により団体がどのように発展するか）
A95: （３）波及効果（オーケストラ界や社会、地域、次世代に与える効果）
A126: ※ Ａ４判１枚に収まるように作成してください。

Sheet 計画・予算
B1: 実施計画 兼 支出予算書
C3: 団体名 | E3: =IF(ISBLANK(総表!D15),"",総表!D15) | J3: 助成対象企画 | K3: =IF(ISBLANK(総表!D26),"",総表!D26) | P3: ※水色のセルは自動で入力されます。
P4: ※活動前年度までに支払う経費は計上できません。
B5: 消費税等仕入控除税額の取扱 | F5: 要選択
B7: 助成対象経費（単位：千円）
E8: 助成対象経費 （A） | F8: 【非表示】 課税対象外経費 | G8: 【非表示】 課税対象経費 | H8: 消費税等仕入控除税額（B） | I8: 助成対象経費合計（C） （A-B） | P8: 税区分番号
C9: １年目 | E9: =N16 -> 0 | F9: =P17 -> 0 | G9: =IF(P9="2",0,E9-F9) -> 0 | H9: =IF(P9="1",ROUNDDOWN(G9*10/110,0),0) -> 0 | I9: =E9-H9 -> 0 | P9: =LEFT(F5,1) -> 要
C10: ２年目 | E10: =N85 -> 0 | F10: =P86 -> 0 | G10: =IF(R10="2",0,E10-F10) -> 0 | H10: =IF(P9="1",ROUNDDOWN(G10*10/110,0),0) -> 0 | I10: =E10-H10 -> 0 | R10: =LEFT(F6,1)
C11: ３年目 | E11: =N154 -> 0 | F11: =P155 -> 0 | G11: =IF(R11="2",0,E11-F11) -> 0 | H11: =IF(P9="1",ROUNDDOWN(G11*10/110,0),0) -> 0 | I11: =E11-H11 -> 0 | R11: =LEFT(F7,1)
C13: ３年間合計 | E13: =SUM(E9:E11) -> 0 | F13: =SUM(F9:F11) -> 0 | G13: =SUM(G9:G11) -> 0 | H13: =SUM(H9:H11) -> 0 | I13: =SUM(I9:I11) -> 0
B14: 【内訳】
B15: 年度 | C15: 実施時期 | D15: 空白 | E15: 実施内容 | H15: 助成対象経費 | I15: 内訳 | J15: 単価(税込・円) | K15: 数量 | M15: 金額（税込・円） | N15: 小計（千円） | O15: 課税区分
A16: 1 | B16: １年目 | M16: =IF(ISNUMBER(J16),(ROUND(PRODUCT(J16,K16),0)),"") | N16: =ROUNDDOWN(SUM(M16:M83)/1000,0) -> 0 | O16: ― | P16: 課税対象外
A17: 2 | M17: =IF(ISNUMBER(J17),(ROUND(PRODUCT(J17,K17),0)),"") | O17: ― | P17: =ROUNDDOWN(SUMIF(O16:O83,"課税対象外",M16:M83)/1000,0) -> 0
A18: 3 | M18: =IF(ISNUMBER(J18),(ROUND(PRODUCT(J18,K18),0)),"") | O18: ―
A19: 4 | M19: =IF(ISNUMBER(J19),(ROUND(PRODUCT(J19,K19),0)),"") | O19: ― | P19: ※実施内容には、当該年度に実施する取組内容を具体的に記載してください
A20: 5 | M20: =IF(ISNUMBER(J20),(ROUND(PRODUCT(J20,K20),0)),"") | O20: ―
A21: 6 | M21: =IF(ISNUMBER(J21),(ROUND(PRODUCT(J21,K21),0)),"") | O21: ―
A22: 7 | M22: =IF(ISNUMBER(J22),(ROUND(PRODUCT(J22,K22),0)),"") | O22: ―
A23: 8 | M23: =IF(ISNUMBER(J23),(ROUND(PRODUCT(J23,K23),0)),"") | O23: ―
A24: 9 | M24: =IF(ISNUMBER(J24),(ROUND(PRODUCT(J24,K24),0)),"") | O24: ―
A25: 10 | M25: =IF(ISNUMBER(J25),(ROUND(PRODUCT(J25,K25),0)),"") | O25: ―
A26: 11 | M26: =IF(ISNUMBER(J26),(ROUND(PRODUCT(J26,K26),0)),"") | O26: ―
A27: 12 | M27: =IF(ISNUMBER(J27),(ROUND(PRODUCT(J27,K27),0)),"") | O27: ―
A28: 13 | M28: =IF(ISNUMBER(J28),(ROUND(PRODUCT(J28,K28),0)),"") | O28: ―
A29: 14 | M29: =IF(ISNUMBER(J29),(ROUND(PRODUCT(J29,K29),0)),"") | O29: ―
A30: 15 | M30: =IF(ISNUMBER(J30),(ROUND(PRODUCT(J30,K30),0)),"") | O30: ―
A31: 16 | M31: =IF(ISNUMBER(J31),(ROUND(PRODUCT(J31,K31),0)),"") | O31: ―
... A83: 68 | M83: =IF(ISNUMBER(J83),(ROUND(PRODUCT(J83,K83),0)),"") | O83: ―
B84: 年度 | C84: 実施時期 | D84: 空白 | E84: 実施内容 | H84: 助成対象経費 | I84: 内訳 | J84: 単価(税込・円) | K84: 数量 | M84: 金額（税込・円） | N84: 小計（千円） | O84: 課税区分
A85: 1 | B85: ２年目 | M85: =IF(ISNUMBER(J85),(ROUND(PRODUCT(J85,K85),0)),"") | N85: =ROUNDDOWN(SUM(M85:M152)/1000,0) -> 0 | O85: ― | P85: 課税対象外
A86: 2 | M86: =IF(ISNUMBER(J86),(ROUND(PRODUCT(J86,K86),0)),"") | O86: ― | P86: =ROUNDDOWN(SUMIF(O85:O152,"課税対象外",M85:M152)/1000,0) -> 0
A87: 3 | M87: =IF(ISNUMBER(J87),(ROUND(PRODUCT(J87,K87),0)),"") | O87: ―
A88: 4 | M88: =IF(ISNUMBER(J88),(ROUND(PRODUCT(J88,K88),0)),"") | O88: ―
A89: 5 | M89: =IF(ISNUMBER(J89),(ROUND(PRODUCT(J89,K89),0)),"") | O89: ―
A90: 6 | M90: =IF(ISNUMBER(J90),(ROUND(PRODUCT(J90,K90),0)),"") | O90: ―
A91: 7 | M91: =IF(ISNUMBER(J91),(ROUND(PRODUCT(J91,K91),0)),"") | O91: ―
A92: 8 | M92: =IF(ISNUMBER(J92),(ROUND(PRODUCT(J92,K92),0)),"") | O92: ―
A93: 9 | M93: =IF(ISNUMBER(J93),(ROUND(PRODUCT(J93,K93),0)),"") | O93: ―
A94: 10 | M94: =IF(ISNUMBER(J94),(ROUND(PRODUCT(J94,K94),0)),"") | O94: ―
A95: 11 | M95: =IF(ISNUMBER(J95),(ROUND(PRODUCT(J95,K95),0)),"") | O95: ―
A96: 12 | M96: =IF(ISNUMBER(J96),(ROUND(PRODUCT(J96,K96),0)),"") | O96: ―
A97: 13 | M97: =IF(ISNUMBER(J97),(ROUND(PRODUCT(J97,K97),0)),"") | O97: ―
A98: 14 | M98: =IF(ISNUMBER(J98),(ROUND(PRODUCT(J98,K98),0)),"") | O98: ―
... A152: 68 | M152: =IF(ISNUMBER(J152),(ROUND(PRODUCT(J152,K152),0)),"") | O152: ―
B153: 年度 | C153: 実施時期 | D153: 空白 | E153: 実施内容 | H153: 助成対象経費 | I153: 内訳 | J153: 単価(税込・円) | K153: 数量 | M153: 金額（税込・円） | N153: 小計（千円） | O153: 課税区分
A154: 1 | B154: ３年目 | M154: =IF(ISNUMBER(J154),(ROUND(PRODUCT(J154,K154),0)),"") | N154: =ROUNDDOWN(SUM(M154:M221)/1000,0) -> 0 | O154: ― | P154: 課税対象外
A155: 2 | B155: =IF(J155="","",".") | M155: =IF(ISNUMBER(J155),(ROUND(PRODUCT(J155,K155),0)),"") | O155: ― | P155: =ROUNDDOWN(SUMIF(O154:O221,"課税対象外",M154:M221)/1000,0) -> 0
A156: 3 | B156: =IF(J156="","",".") | M156: =IF(ISNUMBER(J156),(ROUND(PRODUCT(J156,K156),0)),"") | O156: ―
A157: 4 | B157: =IF(J157="","",".") | M157: =IF(ISNUMBER(J157),(ROUND(PRODUCT(J157,K157),0)),"") | O157: ―
A158: 5 | B158: =IF(J158="","",".") | M158: =IF(ISNUMBER(J158),(ROUND(PRODUCT(J158,K158),0)),"") | O158: ―
A159: 6 | B159: =IF(J159="","",".") | M159: =IF(ISNUMBER(J159),(ROUND(PRODUCT(J159,K159),0)),"") | O159: ―
A160: 7 | B160: =IF(J160="","",".") | M160: =IF(ISNUMBER(J160),(ROUND(PRODUCT(J160,K160),0)),"") | O160: ―
A161: 8 | B161: =IF(J161="","",".") | M161: =IF(ISNUMBER(J161),(ROUND(PRODUCT(J161,K161),0)),"") | O161: ―
A162: 9 | B162: =IF(J162="","",".") | M162: =IF(ISNUMBER(J162),(ROUND(PRODUCT(J162,K162),0)),"") | O162: ―
A163: 10 | B163: =IF(J163="","",".") | M163: =IF(ISNUMBER(J163),(ROUND(PRODUCT(J163,K163),0)),"") | O163: ―
A164: 11 | B164: =IF(J164="","",".") | M164: =IF(ISNUMBER(J164),(ROUND(PRODUCT(J164,K164),0)),"") | O164: ―
A165: 12 | B165: =IF(J165="","",".") | M165: =IF(ISNUMBER(J165),(ROUND(PRODUCT(J165,K165),0)),"") | O165: ―
A166: 13 | B166: =IF(J166="","",".") | M166: =IF(ISNUMBER(J166),(ROUND(PRODUCT(J166,K166),0)),"") | O166: ―
A167: 14 | B167: =IF(J167="","",".") | M167: =IF(ISNUMBER(J167),(ROUND(PRODUCT(J167,K167),0)),"") | O167: ―
... A221: 68 | B221: =IF(J221="","",".") | M221: =IF(ISNUMBER(J221),(ROUND(PRODUCT(J221,K221),0)),"") | O221: ―
B224: ＊計上する場合のみ記入
B225: 採択団体の既存職員の従事に係る人件費、管理事務費については、各年度の助成対象経費合計額の5％を上限として助成対象とします。
B226: なお、本事業は企画の実施に係る直接的な取組を支援する趣旨によるものであり、一般管理費については必要性を十分に精査の上、計上してください。
B227: 一般管理費（単位：千円）
E228: 一般管理費 （D） | F228: 【非表示】 課税対象外経費 | G228: 【非表示】 課税対象経費 | H228: 消費税等仕入控除税額（E） | I228: 一般管理費合計（F） （D-E） | J228: 上限額 助成対象経費合計(C)の5％ | M228: 要望額として算入する一般管理費（G） 一般管理費合計(F)又は上限額のいずれか低い方
C229: １年目 | E229: =SUM(N234:N237) -> 0 | F229: =P234 -> 0 | G229: =IF(P229="2",0,E229-F229) -> 0 | H229: =IF(P9="1",ROUNDDOWN(G229*10/110,0),0) -> 0 | I229: =E229-H229 -> 0 | J229: =ROUNDDOWN(I9*0.05,0) -> 0 | M229: =MIN(I229,J229) -> 0
C230: ２年目 | E230: =SUM(N238:N241) -> 0 | F230: =P238 -> 0 | G230: =IF(P230="2",0,E230-F230) -> 0 | H230: =IF(P9="1",ROUNDDOWN(G230*10/110,0),0) -> 0 | I230: =E230-H230 -> 0 | J230: =ROUNDDOWN(I10*0.05,0) -> 0 | M230: =MIN(I230,J230) -> 0
C231: ３年目 | E231: =SUM(N242:N245) -> 0 | F231: =P242 -> 0 | G231: =IF(P231="2",0,E231-F231) -> 0 | H231: =IF(P9="1",ROUNDDOWN(G231*10/110,0),0) -> 0 | I231: =E231-H231 -> 0 | J231: =ROUNDDOWN(I11*0.05,0) -> 0 | M231: =MIN(I231,J231) -> 0
C233: 内容 | H233: 積算内訳 | M233: 金額（税込・円） | N233: 小計（千円） | O233: 課税区分 | P233: 課税対象外
B234: １年目 | N234: =ROUNDDOWN(SUM(M234:M237)/1000,0) -> 0 | O234: ― | P234: =ROUNDDOWN(SUMIF(O234:O237,"課税対象外",M234:M237)/1000,0) -> 0
O235: ―
O236: ―
O237: ―
B238: ２年目 | N238: =ROUNDDOWN(SUM(M238:M241)/1000,0) -> 0 | O238: ― | P238: =ROUNDDOWN(SUMIF(O238:O241,"課税対象外",M238:M241)/1000,0) -> 0
O239: ―
O240: ―
O241: ―
B242: ３年目 | N242: =ROUNDDOWN(SUM(M242:M245)/1000,0) -> 0 | O242: ― | P242: =ROUNDDOWN(SUMIF(O242:O245,"課税対象外",M242:M245)/1000,0) -> 0
O243: ―
O244: ―
O245: ―

Sheet 自己申告書
A2: 令和9年度 新たなオーケストラ支援事業 助成金交付要望書
A3: 組織運営等に関する自己申告書
H5: 団体名 | I5: =IF(ISBLANK(総表!D15),"",総表!D15)
G6: 代表者役職名・氏名 | I6: =総表!D16&" " &総表!D18
A8: 当団体の運営状況等については次のとおりです。なお、当団体の代表者として、本申告書の内容に虚偽がないことを誓約します。
A10: 運営
A11: １．意思決定機関 | B11: 定款等
B12: 〇定款等を適切に定めている。
A14: ２．意思決定機関
B15: ○団体の意思等を決定する機関（社員総会、評議員会等）を設置している。
B16: ○理事会等を定期的に開催している。
B17: ○理事会等の議事録を作成している。
B18: ○事業計画及び収支予算並びに事業報告及び収支決算について理事会等の決議を経ている。
B20: 以下は、理事会・評議員会を設置している場合のみ回答してください。
B21: 〇理事会・評議員会の構成についてジェンダーバランスに配慮している。
C22: （「はい」の場合）配慮の具体的な内容
A26: ３．運営事務
B27: ○経理責任者は明確になっている。
B28: ○現預金の出納責任者は明確になっている。
B29: ○銀行印の管理責任者は明確になっている。
B30: ○事務の執行に当たっては、各担当者の権限と責任が明確になっている。
B31: 〇業者選定等に関する規程等を整備している。
C32: （「はい」の場合）整備している規程等の具体的な内容
B35: ○予算執行に係る全ての証憑（契約書・領収書等）を善良な管理者の注意をもって５年間以上保管している。
B36: 〇利益相反取引を行っていない（適切な承認手続きを経たものを除く）。
C37: ※利益相反行為とは、複数の当事者がいる場合における、一方の利益となり、かつ他方の不利益となる行為を指す。
B38: ○手許現金有高は、定期的に出納担当者以外の者が出納簿と照合している。
B39: ○法人税や消費税、源泉所得税等で必要な申告義務を適切に実施している。
A42: 財務
A43: ４．財務諸表等
B44: ○会計帳簿（仕訳帳・総勘定元帳等）を作成している。
B45: ○財務諸表（貸借対照表・損益計算書等）を作成している。
B46: ○財務諸表（貸借対照表・損益計算書等）を公表している。
C47: ※本項目における「公表」とは、ウェブサイトに掲載していること、もしくは事務所に備え付け一般からの要望があれば常に閲覧できる状態にしていることを指す。
A49: ５．監査
B50: 〇監事・監査役等による会計監査またはこれに準じた内部監査を実施している。
B51: （「はい」の場合は当てはまるものにチェック）
C52: 外部監査（監査法人、公認会計士による会計監査）
C53: 内部監査（監事監査、監査役監査による会計監査）
C54: 内部監査に準じた監査
B56: （「外部監査」を選択した場合は以下の①又は②のいずれかに必要事項を記入）
C57: ① 監査法人による外部監査を受けている場合
C58: 監査法人の名称
C59: 直近の外部監査報告書の提出日 | F59: 令和 年 月 日
C61: ② 公認会計士による外部監査を受けている場合
C62: 公認会計士の氏名
C63: 直近の外部監査報告書の提出日 | F63: 令和 年 月 日
B66: （「内部監査に準じた監査」を選択した場合は以下の③に必要事項を記入）
C67: ③ 内部監査に準じた監査の具体的内容
B70: ○監事等による監査報告書を作成している。
A72: 活動環境
A73: ６．労務管理・契約状況
B74: 〇団体として出演者・スタッフ等の雇用を行っている。
B76: 以下は、雇用を行っている場合のみ回答してください。
B77: 団体内部 雇用契約状況について
B78: 〇労働基準法令に則り、就業規則を定め（※）、雇用者の労働時間・休憩・休日等を適切に管理している。 ※常時10人以上の雇用者がいる場合には就業規則の作成および事業所の所在地を管轄する労働基準監督署への届出が必要となります。 | L78: 労働基準法に基づく管理のポイントは、以下の厚生労働省のホームページ等でご自身でご確認ください。 ◆厚生労働省 労働基準関係リーフレット「労働基準法の基礎知識」 https://www.mhlw.go.jp/stf/seisakunitsuite/bunya/0000056460.html
B79: 〇雇用契約書の取り交わし等、雇用者に対して書面により労働条件（※）を明示している。※書面により明示すべき労働条件は法令で定められています。
C80: （「はい」の場合）労働条件の明示の方法（契約書、その他） | L80: 雇用契約書（労働条件通知書）のひな型は、以下の厚生労働省のホームページ等でご自身でご確認ください。 ◆厚生労働省 主要様式ダウンロードコーナー（労働基準法等関係主要様式） https://www.mhlw.go.jp/stf/seisakunitsuite/bunya/koyou_roudou/roudoukijun/roudoukijunkankei.html
G81: その他の場合には具体的方法を記入→
B83: ○雇用者に対し、労務提供に対する報酬（賃金）条件を明確に定め、適切に支払っている。
B84: ※報酬（賃金）は通貨で、直接全額を、毎月１回以上、一定の期日を定め、最低賃金以上にて、支払う必要があります。
B85: ○雇用者を社会保険（健康保険、厚生年金保険、介護保険）に加入させている。 | L85: 社会保険の加入要件については、以下の厚生労働省のホームページ等でご自身でご確認ください。 ◆厚生労働省 社会保険適用拡大特設サイト https://www.mhlw.go.jp/tekiyoukakudai/
B86: ※加入義務を有する有給職員を雇用していない場合等については、「なし」を選択してください。
B87: ○雇用者を労働保険（労災保険、雇用保険）に加入させている。
B88: ※加入義務を有する有給職員を雇用していない場合等については、「なし」を選択してください。
B90: 外部との取引
B91: 〇外部と取引を行う際に書面での契約を事前に行っている。
B92: （「はい」の場合は以下の当てはまるものにチェック）
C94: ①契約を行う相手方 | E94: 出演者 | F94: スタッフ | G94: 外部業者 | H94: その他 | I94: （ ）
C95: ②契約方法 | E95: 契約書 | F95: メール | G95: その他 | H95: （ ）
B97: 〇外部の出演者等に対し、規則等で出演料・稽古料等の単価を定めている。
B98: （「はい」の場合は以下の当てはまるもの全てにチェック）
C100: 給与 出演料 稽古料 報酬等（ ）
B104: ハラスメント防止対策
B105: 〇法令等に則り、適切なハラスメント防止対策を行っていますか
C106: （「はい」の場合）具体的な内容について記入してください。
B108: 法令等では、パワー・ハラスメント、セクシャル・ハラスメント、マタニティ・ハラスメント等を防止するために必要な措置を講じることが義務づけられています。 具体的には、次の措置を講じることが求められていますので、上記回答される際にご確認ください。 なお、本項目のハラスメント防止対策は、雇用者のみならず、フリーランス等との関係でも同様の対応が求められていますので、「フリーランス・事業者間取引適正化等法」の遵守状況を確認される際にも併せてご確認ください。 | L108: 詳細は、関係省庁のホームページ等をご自身でご確認ください。 ◆厚生労働省 職場におけるハラスメントの防止のために https://www.mhlw.go.jp/stf/seisakunitsuite/bunya/koyou_roudou/koyoukintou/seisaku06/index.html
B109: １．事業主の方針の明確化およびその周知・啓発 ・ハラスメントにあたる行為の内容・ハラスメントがあってはならない旨の方針を明確化し、団体内および関係者に周知・啓発すること。 ・ハラスメント行為者に対しては厳正に対処する旨の方針を就業規則等の文書に規定し、団体内および関係者に周知・啓発すること。 ２．相談（苦情を含む）に応じ、適切に対応するために必要な体制の整備 ・相談窓口をあらかじめ定め、団体内および関係者に周知すること。 ・相談窓口担当者が、内容や状況に応じ適切に対応できるようにすること。 ３．ハラスメントに係る事後の迅速かつ適切な対応 ・事実関係を迅速かつ正確に確認すること ・事実確認ができた場合には、速やかに被害者に対する配慮の措置を適正に行うこと。 ・事実確認ができた場合には、行為者に対する措置を適正に行うこと。 ・再発防止に向けた措置を講ずること（事実が確認できなかった場合も同様）。 ４．１から３までの措置と併せて講ずべき措置 ・相談者・行為者等のプライバシーを保護するために必要な措置を講じ、団体内および関係者に周知すること。 ・相談したこと、事実関係の確認に協力したこと等を理由として不利益な扱いを行ってはならない旨を定め、団体内および関係者に周知・啓発すること。
B111: 安全管理（事故防止）対策 | L111: 詳細は、関係省庁のホームページ等をご自身でご確認ください。 ◆厚生労働省 安全・衛生 https://www.mhlw.go.jp/stf/seisakunitsuite/bunya/koyou_roudou/roudoukijun/anzen/index.html ◆厚生労働省 職場のあんぜんサイト https://anzeninfo.mhlw.go.jp/
B112: 〇労働安全衛生法令に則り、安全管理体制を整備し、業務上の事故防止のために必要な措置を講じていますか

Sheet 参考資料(任意)
A1: 参考資料（任意） | N1: ※枠の拡大は不可（Ａ４判１枚まで）
A2: 団体名 | B2: =IF(ISBLANK(総表!D15),"",総表!D15) | J2: 助成対象 企画 | K2: =IF(ISBLANK(総表!D26),"",総表!D26)
U3: 【提出は任意】
U4: ・参考資料として、助成対象企画や団体の強み、活動実績等について、審査の参考となる資料を自由に記載することができます（写真、図表、記事等の掲載も可）。提出必須ではありません。
U10: 文字サイズが14pt以下にならないようにご注意ください。 A4判１枚までとしてください。 印刷時の文字切れにご注意ください。 印刷、または印刷イメージでセルから文字がはみ出ていないかご確認ください。

Sheet 【非表示】法人格
A1: 一般社団法人
A2: 公益社団法人
A3: 一般財団法人
A4: 公益財団法人
A5: 特定非営利活動法人（NPO法人）
A6: その他法人
